Blues vs Flames
Created - December 1, 2024 at 19:16
Goals
|
| Blues |
2 |
0 |
0 |
2 |
| Flames |
2 |
0 |
2 |
4 |
|
Shots
|
| Blues |
9 |
7 |
10 |
26 |
| Flames |
14 |
11 |
10 |
35 |
|
1st period
1. Flames , Kevin Labanc 5 (Esa Lindell 8) at 0:57
2. Blues , Jujhar Khaira 3 (Teuvo Teravainen 10, Seth Jones 11) at 6:14
3. Flames , Eric Staal 13 (Esa Lindell 9) at 11:29
4. Blues , Dominik Simon 2 (Cody Ceci 2, Nathan MacKinnon 14) at 16:25
Penalties :
Eric Staal (Cal) for Delaying the game (Minor) at 12:41
2nd period
No Goal
Penalties :
Erik Johnson (Cal) for Slashing (Minor) at 0:18, Filip Forsberg (Stl) for Holding Stick (Minor) at 10:43, Ethan Bear (Stl) for Slashing (Minor) at 19:02
3rd period
5. Flames , Jimmy Hayes 6 (Sami Vatanen 13, Erik Johnson 12) at 11:33
6. Flames , Jake DeBrusk 8 (Kevin Labanc 8, Victor Rask 6) at 18:22
Penalties :
Jimmy Hayes (Cal) for Tripping (Minor) at 12:18, David Perron (Stl) for Holding (Minor) at 18:25
Goalie Stats
Jake Oettinger (Stl), 31 saves from 35 shots - (0.886), L, 1-2-0, 60:00 minutes
Christopher Gibson (Cal), 24 saves from 26 shots - (0.923), W, 8-6-0, 60:00 minutes
Players Stats for Blues
Player Name G A P +/- PIM S H SB GA TA FO MP PP MP PK MP
------------------------------------------------------------------------------------
Adam Henrique 0 0 0 -2 0 3 1 0 0 0 8/14 13:15 2:26 0:29
Brandon Montour 0 0 0 0 0 0 0 1 0 0 0/0 17:40 0:00 3:13
Cody Ceci 0 1 1 0 0 1 3 2 0 1 0/0 24:06 0:00 3:13
David Perron 0 0 0 -2 2 0 2 0 2 0 0/0 13:21 2:26 0:36
Devin Shore 0 0 0 0 0 2 1 0 1 0 4/12 14:07 0:00 1:10
Dominik Simon 1 0 1 1 0 1 0 0 0 0 0/0 7:59 0:00 0:27
Drew Shore 0 0 0 1 0 0 0 0 0 0 2/6 10:52 0:00 3:19
Ethan Bear 0 0 0 -2 2 0 1 2 0 1 0/0 16:44 3:43 0:00
Filip Forsberg 0 0 0 -1 2 3 1 0 1 1 0/1 21:46 3:31 0:34
Jordan Kyrou 0 0 0 1 0 0 0 1 0 0 0/0 7:39 0:00 0:00
Josh Morrissey 0 0 0 1 0 0 0 0 0 1 0/0 21:51 2:14 2:19
Jujhar Khaira 1 0 1 0 0 2 1 0 0 0 0/0 12:57 0:00 0:00
Nathan MacKinnon 0 1 1 -1 0 1 3 1 0 0 19/32 21:12 3:31 0:00
Nick Schmaltz 0 0 0 -2 0 2 1 3 1 0 0/1 13:47 0:00 3:19
Nikolaj Ehlers 0 0 0 -1 0 4 2 0 1 1 1/1 20:23 2:26 0:00
Seth Jones 0 1 1 -1 0 3 1 2 2 0 0/0 24:43 3:43 2:19
Teuvo Teravainen 0 1 1 0 0 4 0 0 0 0 1/1 17:08 3:31 1:10
Travis Sanheim 0 0 0 -2 0 0 0 0 0 0 0/0 14:55 2:14 0:00
Players Stats for Flames
Player Name G A P +/- PIM S H SB GA TA FO MP PP MP PK MP
------------------------------------------------------------------------------------
Anders Lee 0 0 0 0 0 1 1 0 0 0 2/5 7:48 0:00 1:05
Brad Marchand 0 0 0 1 0 4 2 1 0 2 0/1 19:15 0:16 3:24
Bryan Rust 0 0 0 1 0 0 0 0 2 0 0/0 17:49 0:00 1:58
Christian Folin 0 0 0 2 0 1 2 0 1 1 0/0 22:07 2:08 3:33
Colby Robak 0 0 0 0 0 0 1 1 0 0 0/0 12:49 0:00 2:24
David Ullstrom 0 0 0 0 0 0 0 0 0 0 0/0 7:34 0:00 1:07
Eric Staal 1 0 1 1 2 3 2 0 1 1 17/34 19:46 2:59 0:53
Erik Johnson 0 1 1 0 2 2 3 4 0 1 0/0 27:35 3:24 2:18
Esa Lindell 0 2 2 2 0 1 0 1 0 0 0/0 18:55 2:08 0:00
Jake DeBrusk 1 0 1 1 0 6 0 0 0 2 1/1 15:35 2:43 0:00
Jimmy Hayes 1 0 1 0 2 2 1 0 0 0 0/1 16:23 2:59 0:00
Kevin Labanc 1 1 2 1 0 5 0 0 1 0 2/3 15:09 2:21 0:00
Kyle Palmieri 0 0 0 0 0 2 1 0 0 0 0/0 6:27 0:00 0:00
Patrik Berglund 0 0 0 0 0 1 2 1 0 0 7/15 19:21 2:33 3:27
Rasmus Andersson 0 0 0 0 0 0 0 3 0 0 0/0 12:49 0:00 2:24
Sami Vatanen 0 1 1 0 0 1 2 3 0 1 0/0 25:44 3:24 1:15
Tanner Pearson 0 0 0 0 0 4 0 1 0 0 1/2 16:06 2:45 0:00
Victor Rask 0 1 1 1 0 2 1 0 0 0 3/6 12:48 0:00 0:00
3 Stars
1 - Kevin Labanc (Cal)
2 - Esa Lindell (Cal)
3 - Jake DeBrusk (Cal)
Power Play
Blues - 0 on 3 Attempt(s) - 0.00%
Flames - 0 on 3 Attempt(s) - 0.00%
Penalty Kill
Blues - 3 on 3 Attempt(s) - 100.00%
- Score 0 goal in Penalty Kill
Flames - 3 on 3 Attempt(s) - 100.00%
- Score 0 goal in Penalty Kill
Team Stat
Blues - Hits : 17 - Faceoff Wins : 35 - Blocked Shots : 12 - Penalty Minutes : 6
Flames - Hits : 18 - Faceoff Wins : 33 - Blocked Shots : 15 - Penalty Minutes : 6
Official
Referees : Francis Charron and Beaudry Halkidis
Linesman : Derek Nansen and Ryan Galloway
Game Notes
18:31 of 1st period - Blues goal is going for a video replay. After video review, No Goal. The puck has been kicked using a distinct kicking motion.
Finance
Level 1 -- Attendance: 5576 (92.93%) -- Ticket Income $557,600
Level 2 -- Attendance: 4992 (99.84%) -- Ticket Income $349,440
Level 3 -- Attendance: 1771 (88.55%) -- Ticket Income $70,840
Level 4 -- Attendance: 3520 (88.00%) -- Ticket Income $105,600
Luxury Box -- Attendance: 940 (94.00%) -- Ticket Income $188,000
Game was played at the Scotiabank Saddledome.
Total Attendance: 16799 (93.33%)
Total Ticket Income: $1,271,480
Other Income: $190,722
Total Income: $1,462,202
Blues
5 vs 5 Forward
Center Left Wing Right Wing Time % Phy DF OF
1 Nathan MacKinnon Filip Forsberg Nikolaj Ehlers 40 0 2 3
2 Devin Shore Jujhar Khaira Teuvo Teravainen 30 0 2 3
3 Adam Henrique David Perron Nick Schmaltz 20 1 2 2
4 Drew Shore Dominik Simon Jordan Kyrou 10 0 3 2
5 vs 5 Defense
Defense Defense Time % Phy DF OF
1 Seth Jones Cody Ceci 40 1 2 2
2 Josh Morrissey Brandon Montour 30 1 2 2
3 Ethan Bear Travis Sanheim 20 1 2 2
4 Josh Morrissey Cody Ceci 10 1 2 2
PowerPlay Forward
Center Left Wing Right Wing Time % Phy DF OF
1 Nathan MacKinnon Filip Forsberg Teuvo Teravainen 60 0 2 3
2 Adam Henrique David Perron Nikolaj Ehlers 40 0 2 3
PowerPlay Defense
Defense Defense Time % Phy DF OF
1 Seth Jones Ethan Bear 60 0 2 3
2 Josh Morrissey Travis Sanheim 40 0 2 3
Penalty Kill 4 Players Forward
Center Wing Time % Phy DF OF
1 Drew Shore Nick Schmaltz 60 1 3 1
2 Devin Shore Teuvo Teravainen 40 1 3 1
Penalty Kill 4 Players Defense
Defense Defense Time % Phy DF OF
1 Brandon Montour Cody Ceci 60 1 2 2
2 Josh Morrissey Seth Jones 40 1 2 2
Penalty Kill - 3 Players Forward
Forward Time % Phy DF OF
1 Drew Shore 60 1 2 2
2 Devin Shore 40 1 2 2
Penalty Kill - 3 Players Defense
Defense Defense Time % Phy DF OF
1 Cody Ceci Brandon Montour 60 1 2 2
2 Seth Jones Josh Morrissey 40 1 2 2
4 vs 4 Forward
Center Wing Time % Phy DF OF
1 Nathan MacKinnon Filip Forsberg 60 1 2 2
2 Devin Shore Nikolaj Ehlers 40 1 2 2
4 vs 4 Defense
Defense Defense Time % Phy DF OF
1 Seth Jones Brandon Montour 60 1 2 2
2 Cody Ceci Josh Morrissey 40 1 2 2
Last Minutes Offensive
Center Left Wing Right Wing Defense Defense
Nathan MacKinnon Filip Forsberg Nikolaj Ehlers Seth Jones Travis Sanheim
Last Minutes Defensive
Center Left Wing Right Wing Defense Defense
Drew Shore Jujhar Khaira Teuvo Teravainen Brandon Montour Cody Ceci
Goaltenders
Starting : Jake Oettinger
Backup : Carey Price
Extra Forwards
Normal : Jordan Kyrou, Nikolaj Ehlers, Drew Shore - PP : David Perron, Teuvo Teravainen - PK : Filip Forsberg
Extra Defensemen
Normal : Cody Ceci, Travis Sanheim, Seth Jones - PP : Cody Ceci - PK : Seth Jones, Travis Sanheim
Penalty Shots
Jordan Kyrou, David Perron, Filip Forsberg, Teuvo Teravainen, Devin Shore
Custom OT Lines Forwards
Filip Forsberg, Nathan MacKinnon, Teuvo Teravainen, Nikolaj Ehlers, David Perron, Devin Shore, Adam Henrique, Jujhar Khaira, Drew Shore, Nick Schmaltz
Custom OT Lines Defensemen
Seth Jones, Josh Morrissey, Brandon Montour, Travis Sanheim, Cody Ceci
Scratches
Petter Granberg (Healthy), Luke Glendening (Healthy)
Flames
5 vs 5 Forward
Center Left Wing Right Wing Time % Phy DF OF
1 Eric Staal Brad Marchand Bryan Rust 40 1 2 2
2 Patrik Berglund Tanner Pearson Jimmy Hayes 30 1 2 2
3 Victor Rask Jake DeBrusk Kevin Labanc 20 1 2 2
4 Anders Lee David Ullstrom Kyle Palmieri 10 1 2 2
5 vs 5 Defense
Defense Defense Time % Phy DF OF
1 Erik Johnson Sami Vatanen 40 1 2 2
2 Esa Lindell Christian Folin 30 1 2 2
3 Colby Robak Rasmus Andersson 20 1 2 2
4 Erik Johnson Sami Vatanen 10 1 2 2
PowerPlay Forward
Center Left Wing Right Wing Time % Phy DF OF
1 Eric Staal Jake DeBrusk Jimmy Hayes 60 1 1 3
2 Patrik Berglund Tanner Pearson Kevin Labanc 40 1 1 3
PowerPlay Defense
Defense Defense Time % Phy DF OF
1 Erik Johnson Sami Vatanen 60 1 1 3
2 Esa Lindell Christian Folin 40 1 1 3
Penalty Kill 4 Players Forward
Center Wing Time % Phy DF OF
1 Patrik Berglund Brad Marchand 60 1 3 1
2 Eric Staal Bryan Rust 40 1 3 1
Penalty Kill 4 Players Defense
Defense Defense Time % Phy DF OF
1 Erik Johnson Christian Folin 60 1 3 1
2 Colby Robak Rasmus Andersson 40 1 3 1
Penalty Kill - 3 Players Forward
Forward Time % Phy DF OF
1 Eric Staal 60 1 3 1
2 Patrik Berglund 40 1 3 1
Penalty Kill - 3 Players Defense
Defense Defense Time % Phy DF OF
1 Erik Johnson Christian Folin 60 1 3 1
2 Colby Robak Rasmus Andersson 40 1 3 1
4 vs 4 Forward
Center Wing Time % Phy DF OF
1 Eric Staal Brad Marchand 60 1 2 2
2 Patrik Berglund Bryan Rust 40 1 2 2
4 vs 4 Defense
Defense Defense Time % Phy DF OF
1 Erik Johnson Sami Vatanen 60 1 2 2
2 Esa Lindell Christian Folin 40 1 2 2
Last Minutes Offensive
Center Left Wing Right Wing Defense Defense
Eric Staal Brad Marchand Bryan Rust Erik Johnson Sami Vatanen
Last Minutes Defensive
Center Left Wing Right Wing Defense Defense
Eric Staal Brad Marchand Bryan Rust Erik Johnson Sami Vatanen
Goaltenders
Starting : Christopher Gibson
Backup : Michael Hutchinson
Extra Forwards
Normal : Bryan Rust, Jake DeBrusk, Patrik Berglund - PP : Tanner Pearson, Brad Marchand - PK : Bryan Rust
Extra Defensemen
Normal : Esa Lindell, Christian Folin, Colby Robak - PP : Esa Lindell - PK : Sami Vatanen, Colby Robak
Penalty Shots
Eric Staal, Jake DeBrusk, Jimmy Hayes, Tanner Pearson, Kevin Labanc
Custom OT Lines Forwards
Eric Staal, Jake DeBrusk, Patrik Berglund, Bryan Rust, Jimmy Hayes, Brad Marchand, Tanner Pearson, Victor Rask, Kevin Labanc, Kyle Palmieri
Custom OT Lines Defensemen
Erik Johnson, Sami Vatanen, Christian Folin, Esa Lindell, Colby Robak
Scratches
Evgeny Svechnikov (Healthy), Matthew Nieto (Healthy)
% Time on Ice - Blues
Lines # - Real PCT - Wanted PCT - Time Play
Normal Forward
1 - 36% - 40% - 17:42
2 - 27% - 30% - 13:13
3 - 21% - 20% - 10:04
4 - 16% - 10% - 7:32
Normal Defense
1 - 39% - 40% - 19:03
2 - 30% - 30% - 14:36
3 - 25% - 20% - 12:10
4 - 6% - 10% - 2:42
PP Forward
1 - 59% - 60% - 3:31
2 - 41% - 40% - 2:26
PP Defense
1 - 62% - 60% - 3:43
2 - 38% - 40% - 2:14
PK Forward
1 - 79% - 60% - 4:22
2 - 21% - 40% - 1:10
PK Defense
1 - 58% - 60% - 3:13
2 - 42% - 40% - 2:19
PK3 Forward
1 - 0% - 60%
2 - 0% - 40%
PK3 Defense
1 - 0% - 60%
2 - 0% - 40%
44 Forward
1 - 0% - 60%
2 - 0% - 40%
44 Defense
1 - 0% - 60%
2 - 0% - 40%
Last Minute Offensive - 0:00
Last Minute Defensive - 0:00
Total
Forward - 60:00
Defense - 60:00
|
% Time on Ice - Flames
Lines # - Real PCT - Wanted PCT - Time Play
Normal Forward
1 - 32% - 40% - 15:39
2 - 28% - 30% - 13:37
3 - 26% - 20% - 12:48
4 - 13% - 10% - 6:27
Normal Defense
1 - 41% - 40% - 20:04
2 - 33% - 30% - 15:54
3 - 21% - 20% - 10:03
4 - 5% - 10% - 2:30
PP Forward
1 - 54% - 60% - 2:59
2 - 46% - 40% - 2:33
PP Defense
1 - 61% - 60% - 3:24
2 - 39% - 40% - 2:08
PK Forward
1 - 76% - 60% - 4:31
2 - 24% - 40% - 1:26
PK Defense
1 - 60% - 60% - 3:33
2 - 40% - 40% - 2:24
PK3 Forward
1 - 0% - 60%
2 - 0% - 40%
PK3 Defense
1 - 0% - 60%
2 - 0% - 40%
44 Forward
1 - 0% - 60%
2 - 0% - 40%
44 Defense
1 - 0% - 60%
2 - 0% - 40%
Last Minute Offensive - 0:00
Last Minute Defensive - 0:00
Total
Forward - 60:00
Defense - 60:00
|
Play-by-Play
1st period
0:01 of 1st period - Nathan MacKinnon wins face-off versus Eric Staal in neutral zone.
0:57 of 1st period - Slapshot by Kevin Labanc.
0:57 of 1st period - Goal by Kevin Labanc - Blues : 0 - Flames : 1.
0:58 of 1st period - Anders Lee wins face-off versus Drew Shore in neutral zone.
1:05 of 1st period - Slapshot by Rasmus Andersson.
1:05 of 1st period - Deflect By Kyle Palmieri.
1:05 of 1st period - Stopped by Jake Oettinger with a rebound.
1:27 of 1st period - Icing by Josh Morrissey.
1:28 of 1st period - Nathan MacKinnon wins face-off versus Eric Staal in Blues zone.
1:47 of 1st period - Nathan MacKinnon is hit by Brad Marchand and loses puck.
2:16 of 1st period - Wrist shot by Nathan MacKinnon.
2:16 of 1st period - Shot Misses the Net.
2:22 of 1st period - Wrist shot by Nathan MacKinnon.
2:22 of 1st period - Shot Misses the Net.
2:28 of 1st period - Snap shot by Bryan Rust.
2:28 of 1st period - Shot Blocked by Ethan Bear.
2:30 of 1st period - Snap shot by Eric Staal.
2:30 of 1st period - Stopped by Jake Oettinger with a rebound.
2:52 of 1st period - Filip Forsberg is hit by Erik Johnson and loses puck.
2:57 of 1st period - Snap shot by Bryan Rust.
2:57 of 1st period - Deflect By Eric Staal.
2:57 of 1st period - Shot Misses the Net.
2:57 of 1st period - Puck is out of play.
2:58 of 1st period - Patrik Berglund wins face-off versus Devin Shore in Blues zone.
3:05 of 1st period - Wrist shot by Tanner Pearson.
3:05 of 1st period - Stopped by Jake Oettinger with a rebound.
3:56 of 1st period - Slapshot by David Ullstrom.
3:56 of 1st period - Deflect By Anders Lee.
3:56 of 1st period - Stopped by Jake Oettinger without a rebound.
3:57 of 1st period - Patrik Berglund wins face-off versus Devin Shore in Blues zone.
4:06 of 1st period - Snap shot by Jujhar Khaira.
4:06 of 1st period - Shot Hit the Post.
4:08 of 1st period - Snap shot by Teuvo Teravainen.
4:08 of 1st period - Deflect By Devin Shore.
4:08 of 1st period - Shot Blocked by Sami Vatanen.
4:08 of 1st period - Puck is out of play.
4:09 of 1st period - Devin Shore wins face-off versus Patrik Berglund in Flames zone.
4:10 of 1st period - Snap shot by Teuvo Teravainen.
4:10 of 1st period - Deflect By Jujhar Khaira.
4:10 of 1st period - Shot Misses the Net.
4:10 of 1st period - Puck is out of play.
4:11 of 1st period - Devin Shore wins face-off versus Tanner Pearson in Flames zone.
4:20 of 1st period - Snap shot by Devin Shore.
4:20 of 1st period - Shot Blocked by Erik Johnson.
4:22 of 1st period - Snap shot by Seth Jones.
4:22 of 1st period - Shot Blocked by Patrik Berglund.
5:00 of 1st period - Backhand shot by Filip Forsberg.
5:00 of 1st period - Deflect By Nathan MacKinnon.
5:00 of 1st period - Shot Misses the Net.
5:00 of 1st period - Puck is out of play.
5:01 of 1st period - Nathan MacKinnon wins face-off versus Eric Staal in Flames zone.
5:02 of 1st period - Backhand shot by Nikolaj Ehlers.
5:02 of 1st period - Stopped by Christopher Gibson with a rebound.
5:28 of 1st period - Esa Lindell is hit by Jujhar Khaira and loses puck.
5:40 of 1st period - Snap shot by Teuvo Teravainen.
5:40 of 1st period - Deflect By Jujhar Khaira.
5:40 of 1st period - Shot Misses the Net.
5:40 of 1st period - Puck is out of play.
5:41 of 1st period - Kevin Labanc wins face-off versus Adam Henrique in Flames zone.
5:41 of 1st period - Kevin Labanc is hit by David Perron.
6:14 of 1st period - Wrist shot by Jujhar Khaira.
6:14 of 1st period - Goal by Jujhar Khaira - Blues : 1 - Flames : 1.
6:15 of 1st period - Eric Staal wins face-off versus Devin Shore in neutral zone.
6:22 of 1st period - Snap shot by Eric Staal.
6:22 of 1st period - Deflect By Brad Marchand.
6:22 of 1st period - Stopped by Jake Oettinger without a rebound.
6:23 of 1st period - Devin Shore wins face-off versus Eric Staal in Blues zone.
6:23 of 1st period - Devin Shore is hit by Eric Staal.
7:14 of 1st period - Icing by Teuvo Teravainen.
7:15 of 1st period - Patrik Berglund wins face-off versus Devin Shore in Blues zone.
7:56 of 1st period - Wrist shot by Victor Rask.
7:56 of 1st period - Stopped by Jake Oettinger with a rebound.
8:38 of 1st period - Icing by Jimmy Hayes.
8:39 of 1st period - Nathan MacKinnon wins face-off versus Patrik Berglund in Flames zone.
9:06 of 1st period - Slapshot by Nick Schmaltz.
9:06 of 1st period - Stopped by Christopher Gibson without a rebound.
9:07 of 1st period - Adam Henrique wins face-off versus Eric Staal in Flames zone.
9:14 of 1st period - Snap shot by Adam Henrique.
9:14 of 1st period - Shot Misses the Net.
9:16 of 1st period - Slapshot by Seth Jones.
9:16 of 1st period - Shot Misses the Net.
9:18 of 1st period - Slapshot by Seth Jones.
9:18 of 1st period - Shot Misses the Net.
9:20 of 1st period - Slapshot by Cody Ceci.
9:20 of 1st period - Stopped by Christopher Gibson without a rebound.
9:21 of 1st period - Victor Rask wins face-off versus Nathan MacKinnon in Flames zone.
9:21 of 1st period - Victor Rask is hit by Nathan MacKinnon.
11:11 of 1st period - Wrist shot by Jake DeBrusk.
11:11 of 1st period - Stopped by Jake Oettinger without a rebound.
11:12 of 1st period - Eric Staal wins face-off versus Nick Schmaltz in Blues zone.
11:13 of 1st period - Snap shot by Brad Marchand.
11:13 of 1st period - Stopped by Jake Oettinger without a rebound.
11:14 of 1st period - Adam Henrique wins face-off versus Eric Staal in Blues zone.
11:29 of 1st period - Wrist shot by Eric Staal.
11:29 of 1st period - Goal by Eric Staal - Blues : 1 - Flames : 2.
11:30 of 1st period - Eric Staal wins face-off versus Nathan MacKinnon in neutral zone.
11:54 of 1st period - Icing by Erik Johnson.
11:55 of 1st period - Eric Staal wins face-off versus Devin Shore in Flames zone.
12:12 of 1st period - Snap shot by Patrik Berglund.
12:12 of 1st period - Stopped by Jake Oettinger without a rebound.
12:13 of 1st period - Kevin Labanc wins face-off versus Nathan MacKinnon in Blues zone.
12:22 of 1st period - Wrist shot by Filip Forsberg.
12:22 of 1st period - Stopped by Christopher Gibson without a rebound.
12:23 of 1st period - Nikolaj Ehlers wins face-off versus Victor Rask in Flames zone.
12:32 of 1st period - Snap shot by Nathan MacKinnon.
12:32 of 1st period - Shot Misses the Net.
12:34 of 1st period - Backhand shot by Seth Jones.
12:34 of 1st period - Shot Blocked by Esa Lindell.
12:36 of 1st period - Snap shot by Filip Forsberg.
12:36 of 1st period - Shot Misses the Net.
12:38 of 1st period - Slapshot by Cody Ceci.
12:38 of 1st period - Deflect By Filip Forsberg.
12:38 of 1st period - Stopped by Christopher Gibson without a rebound.
12:39 of 1st period - Eric Staal wins face-off versus Adam Henrique in Flames zone.
12:41 of 1st period - Minor Penalty to Eric Staal for Delaying the game.
12:42 of 1st period - Patrik Berglund wins face-off versus Nathan MacKinnon in Flames zone.
13:19 of 1st period - Icing by Seth Jones.
13:20 of 1st period - Anders Lee wins face-off versus Adam Henrique in Blues zone.
13:27 of 1st period - Bryan Rust is hit by Adam Henrique and loses puck.
13:49 of 1st period - Off-side.
13:50 of 1st period - Nathan MacKinnon wins face-off versus Patrik Berglund in neutral zone.
14:16 of 1st period - Wrist shot by Teuvo Teravainen.
14:16 of 1st period - Shot Blocked by Rasmus Andersson.
14:18 of 1st period - Snap shot by Teuvo Teravainen.
14:18 of 1st period - Stopped by Christopher Gibson with a rebound.
14:34 of 1st period - Slapshot by Teuvo Teravainen.
14:34 of 1st period - Deflect By Nathan MacKinnon.
14:34 of 1st period - Shot Blocked by Rasmus Andersson.
14:34 of 1st period - Puck is out of play.
14:35 of 1st period - Adam Henrique wins face-off versus Anders Lee in Flames zone.
14:41 of 1st period - Penalty to Eric Staal is over, Eric Staal is back on ice.
16:25 of 1st period - Snap shot by Dominik Simon.
16:25 of 1st period - Goal by Dominik Simon - Blues : 2 - Flames : 2.
16:26 of 1st period - Eric Staal wins face-off versus Nathan MacKinnon in neutral zone.
16:26 of 1st period - Eric Staal is hit by Nathan MacKinnon.
16:52 of 1st period - Esa Lindell is hit by Nick Schmaltz.
17:16 of 1st period - Snap shot by Victor Rask.
17:16 of 1st period - Stopped by Jake Oettinger without a rebound.
17:17 of 1st period - Nathan MacKinnon wins face-off versus Victor Rask in Blues zone.
17:52 of 1st period - Snap shot by Jake DeBrusk.
17:52 of 1st period - Deflect By Kevin Labanc.
17:52 of 1st period - Shot Blocked by Brandon Montour.
17:52 of 1st period - Puck is out of play.
17:53 of 1st period - Eric Staal wins face-off versus Devin Shore in Blues zone.
18:20 of 1st period - Seth Jones is hit by Patrik Berglund and loses puck.
18:29 of 1st period - Slapshot by Seth Jones.
18:29 of 1st period - Shot Misses the Net.
18:31 of 1st period - Slapshot by Adam Henrique.
18:31 of 1st period - Blues goal is going for a video replay.
18:31 of 1st period - The goal is refused. The puck has been kicked using a distinct kicking motion..
18:32 of 1st period - Nathan MacKinnon wins face-off versus Eric Staal in Flames zone.
18:41 of 1st period - Wrist shot by Nathan MacKinnon.
18:41 of 1st period - Shot Blocked by Sami Vatanen.
19:03 of 1st period - Wrist shot by Jimmy Hayes.
19:03 of 1st period - Stopped by Jake Oettinger with a rebound.
19:05 of 1st period - Slapshot by Sami Vatanen.
19:05 of 1st period - Stopped by Jake Oettinger without a rebound.
19:06 of 1st period - Patrik Berglund wins face-off versus Adam Henrique in Blues zone.
Goals for this period are 2 for Blues vs 2 for Flames.
Shots for this period are 9 for Blues vs 14 for Flames.
2nd period
0:01 of 2nd period - Nathan MacKinnon wins face-off versus Eric Staal in neutral zone.
0:06 of 2nd period - Snap shot by Brad Marchand.
0:06 of 2nd period - Stopped by Jake Oettinger without a rebound.
0:07 of 2nd period - Nathan MacKinnon wins face-off versus Eric Staal in Blues zone.
0:07 of 2nd period - Nathan MacKinnon is hit by Eric Staal.
0:18 of 2nd period - Minor Penalty to Erik Johnson for Slashing.
0:19 of 2nd period - Nathan MacKinnon wins face-off versus Patrik Berglund in Flames zone.
2:18 of 2nd period - Penalty to Erik Johnson is over, Erik Johnson is back on ice.
2:46 of 2nd period - Jujhar Khaira is hit by Kyle Palmieri and loses puck.
3:24 of 2nd period - Snap shot by Jake DeBrusk.
3:24 of 2nd period - Stopped by Jake Oettinger with a rebound.
3:26 of 2nd period - Snap shot by Jake DeBrusk.
3:26 of 2nd period - Stopped by Jake Oettinger with a rebound.
4:11 of 2nd period - Dominik Simon is hit by Jimmy Hayes and loses puck.
5:07 of 2nd period - Erik Johnson is hit by David Perron and loses puck.
5:16 of 2nd period - Brandon Montour is hit by Colby Robak and loses puck.
5:44 of 2nd period - Drew Shore is hit by Christian Folin.
5:54 of 2nd period - Nikolaj Ehlers is hit by Victor Rask.
5:57 of 2nd period - Icing by Ethan Bear.
5:58 of 2nd period - Victor Rask wins face-off versus Filip Forsberg in Blues zone.
6:05 of 2nd period - Slapshot by Jake DeBrusk.
6:05 of 2nd period - Stopped by Jake Oettinger without a rebound.
6:06 of 2nd period - Nathan MacKinnon wins face-off versus Eric Staal in Blues zone.
6:19 of 2nd period - Snap shot by Bryan Rust.
6:19 of 2nd period - Shot Blocked by Nathan MacKinnon.
6:44 of 2nd period - Wrist shot by Tanner Pearson.
6:44 of 2nd period - Stopped by Jake Oettinger with a rebound.
6:54 of 2nd period - Wrist shot by Devin Shore.
6:54 of 2nd period - Stopped by Christopher Gibson without a rebound.
6:55 of 2nd period - Adam Henrique wins face-off versus Victor Rask in Flames zone.
7:22 of 2nd period - Josh Morrissey is hit by Christian Folin and loses puck.
7:31 of 2nd period - Snap shot by Jake DeBrusk.
7:31 of 2nd period - Shot Misses the Net.
7:49 of 2nd period - Ethan Bear is hit by Brad Marchand.
8:37 of 2nd period - Kyle Palmieri is hit by Seth Jones and loses puck.
9:11 of 2nd period - Off-side.
9:12 of 2nd period - Patrik Berglund wins face-off versus Devin Shore in neutral zone.
9:45 of 2nd period - Slapshot by Nathan MacKinnon.
9:45 of 2nd period - Stopped by Christopher Gibson with a rebound.
10:03 of 2nd period - Wrist shot by Adam Henrique.
10:03 of 2nd period - Stopped by Christopher Gibson without a rebound.
10:04 of 2nd period - Eric Staal wins face-off versus Adam Henrique in Flames zone.
10:09 of 2nd period - Slapshot by Erik Johnson.
10:09 of 2nd period - Stopped by Jake Oettinger with a rebound.
10:11 of 2nd period - Slapshot by Brad Marchand.
10:11 of 2nd period - Shot Misses the Net.
10:13 of 2nd period - Slapshot by Sami Vatanen.
10:13 of 2nd period - Shot Hit the Post.
10:15 of 2nd period - Snap shot by Brad Marchand.
10:15 of 2nd period - Stopped by Jake Oettinger with a rebound.
10:17 of 2nd period - Wrist shot by Bryan Rust.
10:17 of 2nd period - Shot Misses the Net.
10:19 of 2nd period - Slapshot by Erik Johnson.
10:19 of 2nd period - Deflect By Bryan Rust.
10:19 of 2nd period - Shot Misses the Net.
10:19 of 2nd period - Puck is out of play.
10:20 of 2nd period - Nathan MacKinnon wins face-off versus Patrik Berglund in Blues zone.
10:37 of 2nd period - Slapshot by Patrik Berglund.
10:37 of 2nd period - Shot Misses the Net.
10:43 of 2nd period - Minor Penalty to Filip Forsberg for Holding Stick.
10:44 of 2nd period - Eric Staal wins face-off versus Drew Shore in Blues zone.
10:47 of 2nd period - Wrist shot by Jake DeBrusk.
10:47 of 2nd period - Stopped by Jake Oettinger without a rebound.
10:48 of 2nd period - Eric Staal wins face-off versus Drew Shore in Blues zone.
12:08 of 2nd period - Eric Staal is hit by Cody Ceci and loses puck.
12:43 of 2nd period - Penalty to Filip Forsberg is over, Filip Forsberg is back on ice.
12:57 of 2nd period - Snap shot by Kyle Palmieri.
12:57 of 2nd period - Stopped by Jake Oettinger without a rebound.
12:58 of 2nd period - Nathan MacKinnon wins face-off versus Anders Lee in Blues zone.
13:07 of 2nd period - Snap shot by Filip Forsberg.
13:07 of 2nd period - Stopped by Christopher Gibson without a rebound.
13:08 of 2nd period - Nathan MacKinnon wins face-off versus Anders Lee in Flames zone.
13:11 of 2nd period - Snap shot by Nikolaj Ehlers.
13:11 of 2nd period - Shot Misses the Net.
13:15 of 2nd period - Snap shot by Nikolaj Ehlers.
13:15 of 2nd period - Stopped by Christopher Gibson without a rebound.
13:16 of 2nd period - Eric Staal wins face-off versus Nathan MacKinnon in Flames zone.
14:19 of 2nd period - Wrist shot by Nathan MacKinnon.
14:19 of 2nd period - Shot Blocked by Tanner Pearson.
14:37 of 2nd period - Devin Shore is hit by Anders Lee and loses puck.
15:02 of 2nd period - Snap shot by Bryan Rust.
15:02 of 2nd period - Shot Blocked by Nick Schmaltz.
15:04 of 2nd period - Wrist shot by Esa Lindell.
15:04 of 2nd period - Shot Blocked by Nick Schmaltz.
15:06 of 2nd period - Slapshot by Esa Lindell.
15:06 of 2nd period - Deflect By Eric Staal.
15:06 of 2nd period - Stopped by Jake Oettinger with a rebound.
15:36 of 2nd period - Wrist shot by Jujhar Khaira.
15:36 of 2nd period - Shot Misses the Net.
16:20 of 2nd period - Jake DeBrusk is hit by Ethan Bear and loses puck.
16:56 of 2nd period - Drew Shore is hit by Erik Johnson and loses puck.
17:11 of 2nd period - David Ullstrom is hit by Nathan MacKinnon and loses puck.
17:59 of 2nd period - Erik Johnson is hit by Cody Ceci and loses puck.
18:30 of 2nd period - Backhand shot by Esa Lindell.
18:30 of 2nd period - Stopped by Jake Oettinger without a rebound.
18:31 of 2nd period - Eric Staal wins face-off versus Nathan MacKinnon in Blues zone.
18:38 of 2nd period - Bryan Rust is hit by Nikolaj Ehlers and loses puck.
18:47 of 2nd period - Slapshot by Christian Folin.
18:47 of 2nd period - Shot Misses the Net.
18:49 of 2nd period - Slapshot by Christian Folin.
18:49 of 2nd period - Shot Misses the Net.
18:51 of 2nd period - Slapshot by Brad Marchand.
18:51 of 2nd period - Shot Misses the Net.
19:02 of 2nd period - Minor Penalty to Ethan Bear for Slashing.
19:03 of 2nd period - Jake DeBrusk wins face-off versus Drew Shore in Blues zone.
19:34 of 2nd period - Slapshot by Seth Jones.
19:34 of 2nd period - Stopped by Christopher Gibson with a rebound.
19:52 of 2nd period - Snap shot by Teuvo Teravainen.
19:52 of 2nd period - Stopped by Christopher Gibson without a rebound.
19:53 of 2nd period - Patrik Berglund wins face-off versus Devin Shore in Flames zone.
Goals for this period are 0 for Blues vs 0 for Flames.
Shots for this period are 7 for Blues vs 11 for Flames.
3rd period
0:01 of 3rd period - Drew Shore wins face-off versus Eric Staal in neutral zone.
0:06 of 3rd period - Snap shot by Nick Schmaltz.
0:06 of 3rd period - Shot Misses the Net.
0:28 of 3rd period - Wrist shot by Erik Johnson.
0:28 of 3rd period - Shot Blocked by Nick Schmaltz.
1:02 of 3rd period - Penalty to Ethan Bear is over, Ethan Bear is back on ice.
1:42 of 3rd period - Wrist shot by Christian Folin.
1:42 of 3rd period - Shot Misses the Net.
1:44 of 3rd period - Wrist shot by Victor Rask.
1:44 of 3rd period - Shot Misses the Net.
1:46 of 3rd period - Snap shot by Kevin Labanc.
1:46 of 3rd period - Stopped by Jake Oettinger with a rebound.
1:56 of 3rd period - Patrik Berglund is hit by Filip Forsberg and loses puck.
2:04 of 3rd period - Icing by Rasmus Andersson.
2:05 of 3rd period - Devin Shore wins face-off versus Patrik Berglund in Flames zone.
2:12 of 3rd period - Snap shot by Teuvo Teravainen.
2:12 of 3rd period - Stopped by Christopher Gibson without a rebound.
2:13 of 3rd period - Teuvo Teravainen wins face-off versus Brad Marchand in Flames zone.
2:16 of 3rd period - Snap shot by Jujhar Khaira.
2:16 of 3rd period - Stopped by Christopher Gibson with a rebound.
2:18 of 3rd period - Slapshot by Travis Sanheim.
2:18 of 3rd period - Shot Blocked by Erik Johnson.
2:20 of 3rd period - Wrist shot by Teuvo Teravainen.
2:20 of 3rd period - Stopped by Christopher Gibson with a rebound.
2:22 of 3rd period - Slapshot by Devin Shore.
2:22 of 3rd period - Shot Misses the Net.
2:24 of 3rd period - Snap shot by Devin Shore.
2:24 of 3rd period - Shot Blocked by Sami Vatanen.
2:26 of 3rd period - Slapshot by Travis Sanheim.
2:26 of 3rd period - Shot Blocked by Brad Marchand.
2:34 of 3rd period - Snap shot by Teuvo Teravainen.
2:34 of 3rd period - Shot Blocked by Erik Johnson.
2:36 of 3rd period - Slapshot by Jujhar Khaira.
2:36 of 3rd period - Shot Misses the Net.
2:42 of 3rd period - Devin Shore is hit by Erik Johnson and loses puck.
2:51 of 3rd period - Snap shot by Eric Staal.
2:51 of 3rd period - Deflect By Bryan Rust.
2:51 of 3rd period - Shot Misses the Net.
2:51 of 3rd period - Puck is out of play.
2:52 of 3rd period - Tanner Pearson wins face-off versus Nathan MacKinnon in Blues zone.
2:55 of 3rd period - Wrist shot by Tanner Pearson.
2:55 of 3rd period - Stopped by Jake Oettinger without a rebound.
2:56 of 3rd period - Nathan MacKinnon wins face-off versus Jimmy Hayes in Blues zone.
3:01 of 3rd period - Nathan MacKinnon is hit by Patrik Berglund and loses puck.
3:30 of 3rd period - Wrist shot by Devin Shore.
3:30 of 3rd period - Stopped by Christopher Gibson with a rebound.
3:43 of 3rd period - Icing by Nick Schmaltz.
3:44 of 3rd period - Adam Henrique wins face-off versus Eric Staal in Blues zone.
3:46 of 3rd period - Icing by Nick Schmaltz.
3:47 of 3rd period - Adam Henrique wins face-off versus Eric Staal in Blues zone.
4:18 of 3rd period - Wrist shot by Nikolaj Ehlers.
4:18 of 3rd period - Shot Blocked by Erik Johnson.
4:20 of 3rd period - Slapshot by Seth Jones.
4:20 of 3rd period - Stopped by Christopher Gibson with a rebound.
4:22 of 3rd period - Snap shot by Seth Jones.
4:22 of 3rd period - Stopped by Christopher Gibson with a rebound.
5:03 of 3rd period - Wrist shot by Victor Rask.
5:03 of 3rd period - Shot Misses the Net.
5:05 of 3rd period - Snap shot by Kevin Labanc.
5:05 of 3rd period - Shot Misses the Net.
5:41 of 3rd period - Snap shot by Kevin Labanc.
5:41 of 3rd period - Stopped by Jake Oettinger with a rebound.
5:43 of 3rd period - Slapshot by Erik Johnson.
5:43 of 3rd period - Stopped by Jake Oettinger with a rebound.
5:45 of 3rd period - Snap shot by Kevin Labanc.
5:45 of 3rd period - Stopped by Jake Oettinger with a rebound.
5:47 of 3rd period - Wrist shot by Kevin Labanc.
5:47 of 3rd period - Stopped by Jake Oettinger without a rebound.
5:48 of 3rd period - Eric Staal wins face-off versus Nathan MacKinnon in Blues zone.
5:49 of 3rd period - Snap shot by Bryan Rust.
5:49 of 3rd period - Deflect By Eric Staal.
5:49 of 3rd period - Shot Misses the Net.
5:49 of 3rd period - Puck is out of play.
5:50 of 3rd period - Eric Staal wins face-off versus Nathan MacKinnon in Blues zone.
6:19 of 3rd period - Snap shot by Patrik Berglund.
6:19 of 3rd period - Shot Blocked by Ethan Bear.
7:07 of 3rd period - Snap shot by Filip Forsberg.
7:07 of 3rd period - Shot Misses the Net.
8:06 of 3rd period - Snap shot by Nikolaj Ehlers.
8:06 of 3rd period - Stopped by Christopher Gibson with a rebound.
8:33 of 3rd period - Off-side.
8:34 of 3rd period - Adam Henrique wins face-off versus Kevin Labanc in neutral zone.
8:43 of 3rd period - Wrist shot by Nick Schmaltz.
8:43 of 3rd period - Shot Misses the Net.
8:45 of 3rd period - Slapshot by Seth Jones.
8:45 of 3rd period - Shot Blocked by Rasmus Andersson.
8:47 of 3rd period - Wrist shot by Nick Schmaltz.
8:47 of 3rd period - Shot Blocked by Colby Robak.
8:49 of 3rd period - Snap shot by David Perron.
8:49 of 3rd period - Shot Misses the Net.
8:51 of 3rd period - Slapshot by Nick Schmaltz.
8:51 of 3rd period - Stopped by Christopher Gibson without a rebound.
8:52 of 3rd period - Eric Staal wins face-off versus Nathan MacKinnon in Flames zone.
8:52 of 3rd period - Eric Staal is hit by Nikolaj Ehlers.
9:58 of 3rd period - Snap shot by Tanner Pearson.
9:58 of 3rd period - Shot Blocked by Cody Ceci.
10:00 of 3rd period - Slapshot by Christian Folin.
10:00 of 3rd period - Stopped by Jake Oettinger without a rebound.
10:01 of 3rd period - Nathan MacKinnon wins face-off versus Eric Staal in Blues zone.
10:59 of 3rd period - Wrist shot by Adam Henrique.
10:59 of 3rd period - Stopped by Christopher Gibson without a rebound.
11:00 of 3rd period - Eric Staal wins face-off versus Nathan MacKinnon in Flames zone.
11:31 of 3rd period - Slapshot by Sami Vatanen.
11:31 of 3rd period - Shot Blocked by Seth Jones.
11:33 of 3rd period - Wrist shot by Jimmy Hayes.
11:33 of 3rd period - Goal by Jimmy Hayes - Blues : 2 - Flames : 3.
11:34 of 3rd period - Nathan MacKinnon wins face-off versus Eric Staal in neutral zone.
12:00 of 3rd period - Tanner Pearson is hit by Devin Shore.
12:12 of 3rd period - Wrist shot by Jujhar Khaira.
12:12 of 3rd period - Shot Misses the Net.
12:18 of 3rd period - Minor Penalty to Jimmy Hayes for Tripping.
12:19 of 3rd period - Nathan MacKinnon wins face-off versus Patrik Berglund in Flames zone.
14:18 of 3rd period - Penalty to Jimmy Hayes is over, Jimmy Hayes is back on ice.
14:38 of 3rd period - Rasmus Andersson is hit by Cody Ceci and loses puck.
15:25 of 3rd period - Icing by Tanner Pearson.
15:26 of 3rd period - Nathan MacKinnon wins face-off versus Patrik Berglund in Flames zone.
15:35 of 3rd period - Seth Jones is hit by Sami Vatanen and loses puck.
15:56 of 3rd period - Wrist shot by Tanner Pearson.
15:56 of 3rd period - Shot Blocked by Jordan Kyrou.
15:58 of 3rd period - Snap shot by Rasmus Andersson.
15:58 of 3rd period - Shot Blocked by Cody Ceci.
16:17 of 3rd period - Snap shot by Tanner Pearson.
16:17 of 3rd period - Stopped by Jake Oettinger without a rebound.
16:18 of 3rd period - Eric Staal wins face-off versus Adam Henrique in Blues zone.
16:49 of 3rd period - Snap shot by Jake DeBrusk.
16:49 of 3rd period - Deflect By Filip Forsberg.
16:49 of 3rd period - Shot Misses the Net.
16:49 of 3rd period - Puck is out of play.
16:50 of 3rd period - Victor Rask wins face-off versus Nathan MacKinnon in Blues zone.
16:53 of 3rd period - Snap shot by Kevin Labanc.
16:53 of 3rd period - Shot Blocked by Seth Jones.
17:05 of 3rd period - Wrist shot by Seth Jones.
17:05 of 3rd period - Deflect By Nikolaj Ehlers.
17:05 of 3rd period - Stopped by Christopher Gibson with a rebound.
17:46 of 3rd period - Wrist shot by Kevin Labanc.
17:46 of 3rd period - Shot Misses the Net.
18:22 of 3rd period - Snap shot by Jake DeBrusk.
18:22 of 3rd period - Goal by Jake DeBrusk - Blues : 2 - Flames : 4.
18:23 of 3rd period - Adam Henrique wins face-off versus Eric Staal in neutral zone.
18:25 of 3rd period - Minor Penalty to David Perron for Holding.
18:26 of 3rd period - Drew Shore wins face-off versus Eric Staal in Blues zone.
18:26 of 3rd period - Drew Shore is hit by Sami Vatanen.
Goals for this period are 0 for Blues vs 2 for Flames.
Shots for this period are 10 for Blues vs 10 for Flames.